 Dungeon Crawl Stone Soup version 0.25.1-8-g42b30a86e7 (webtiles) character file.

Game seed: 9067448683183434363

17164 DildoBatman the Geomancer (level 12, -2/87 HPs)
             Began as a Formicid Wizard on Dec 20, 2020.
             Was an Elder of Kikubaaqudgha.
             Slain by a six-headed hydra (14 damage)
             ... on level 12 of the Dungeon.
             The game lasted 00:58:54 (14302 turns).

DildoBatman the Geomancer (Formicid Wizard)        Turns: 14302, Time: 00:58:55

Health: -2/87      AC:  9    Str: 11    XL:     12   Next: 79%
Magic:  0/23       EV: 13    Int: 24    God:    Kikubaaqudgha [****..]
Gold:   630        SH:  4    Dex:  9    Spells: 4/25 levels left

rFire    + + .     SeeInvis +   b - +5 halberd
rCold    x . .     Gourm    .   F - +0 buckler
rNeg     . . .     Faith    .   L - +2 robe {rF+}
rPois    .         Spirit   +   (helmet unavailable)
rElec    .         Reflect  .   u - +1 cloak
rCorr    +         Harm     .   y - +0 pair of gloves
MR       +....                  A - +0 pair of boots
Stlth    ++........             p - amulet of guardian spirit
HPRegen  0.24/turn              D - ring of fire
MPRegen  0.18/turn              I - ring of resist corrosion

@: no status effects
A: permanent stasis, dig shafts and tunnels, four strong arms, antennae 3
a: Dig, Shaft Self, Receive Corpses, Renounce Religion


You were on level 12 of the Dungeon.
You worshipped Kikubaaqudgha.
Kikubaaqudgha was greatly pleased with you.
You were very hungry.

You visited 2 branches of the dungeon, and saw 13 of its levels.

You collected 630 gold pieces.

Inventory:

Hand Weapons
 a - the +4 falchion of the Brain {pain, rPois Dex+2}
   (You took it off a centaur warrior on level 9 of the Dungeon)

   In the hands of one skilled in necromantic magic, it inflicts extra damage on
   living creatures.
   It affects your dexterity (+2).
   It protects you from poison.
 b - a +5 halberd (weapon)
 c - a +2 dagger of venom
Missiles
 e - 10 javelins
 g - 269 arrows
 k - 303 stones
 s - 111 sling bullets
 Q - 14 bolts
 R - 5 throwing nets (quivered)
 Z - 29 poisoned darts
Armour
 u - a +1 cloak (worn)
 y - a +0 pair of gloves (worn)
 A - a +0 pair of boots (worn)
 F - a +0 buckler (worn)
 K - a +0 leather armour of magic resistance
 L - a +2 robe of fire resistance (worn)
Magical Staves
 t - an uncursed staff of death
 E - an uncursed staff of energy
Jewellery
 p - an amulet of guardian spirit (around neck)
 D - a ring of fire (left hand)
 G - an uncursed amulet of the acrobat
 I - a ring of resist corrosion (right hand)
Wands
 d - a wand of iceblast (9)
 i - a wand of clouds (8)
 l - a wand of acid (5)
 X - a wand of flame (10)
Scrolls
 f - 2 scrolls of fear
 j - 3 scrolls of enchant weapon {unknown}
 n - 5 scrolls of enchant armour
 o - 2 scrolls of noise {unknown}
 w - 4 scrolls of immolation
 x - 7 scrolls of remove curse
 z - 7 scrolls of identify
 C - 4 scrolls of magic mapping
 J - a scroll of silence {unknown}
 P - a scroll of blinking {unknown}
 S - 2 scrolls of teleportation {unknown}
 U - a scroll of brand weapon {unknown}
 W - a scroll of fog {unknown}
Potions
 h - 4 potions of curing
 m - 4 potions of lignification
 q - 3 potions of brilliance
 r - 4 potions of heal wounds
 B - 2 potions of stabbing
 H - 2 potions of flight
 N - a potion of ambrosia {unknown}
 T - a potion of mutation {unknown}
Comestibles
 v - 19 rations


   Skills:
 * Level 5.7 Fighting
 - Level 2.0 Polearms
 * Level 5.7 Armour
 * Level 3.8 Dodging
 - Level 2.4 Stealth
 * Level 4.2 Shields
 * Level 7.4 Spellcasting
 - Level 6.0 Conjurations
   Level 1.0 Summonings
 - Level 9.0 Necromancy
   Level 0.8 Translocations
 - Level 5.0 Fire Magic
 - Level 4.0 Air Magic
 - Level 11.0 Earth Magic
 - Level 4.0 Poison Magic


You had 4 spell levels left.
You knew the following spells:

 Your Spells              Type           Power        Failure   Level  Hunger
a - Conjure Flame         Conj/Fire      ######..     2%          3    None
b - Borgnjor's Vile Clut  Necr/Erth      ######....   3%          5    #####..
c - Magic Dart            Conj           ####         1%          1    None
d - Vampiric Draining     Necr           ######....   1%          3    None
e - Mephitic Cloud        Conj/Pois/Air  ####....     3%          3    None
h - Dispel Undead         Necr           ######..     1%          4    ###....
z - Sublimation of Blood  Necr           ######....   1%          2    None

Your spell library contained the following spells:

 Spells                   Type           Power        Failure   Level  Hunger
 Animate Skeleton         Necr           N/A          1%          1    None
 Foxfire                  Conj/Fire      ####         1%          1    None
 Pain                     Necr           ####         1%          1    None
 Corpse Rot               Necr/Air       N/A          1%          2    None
 Passwall                 Tmut/Erth      #####...     1%          2    None
 Searing Ray              Conj           #####.       1%          2    None
 Static Discharge         Conj/Air       ####....     2%          3    None
 Apportation              Tloc           ##....       4%          1    None
 Summon Small Mammal      Summ           ##..         4%          1    None
 Dazzling Flash           Conj/Hex       ###...       6%          3    None
 Corona                   Hex            #......      7%          1    None
 Call Imp                 Summ           ##......     7%          2    None
 Leda's Liquefaction      Hex/Erth       #####.....   7%          4    ###....
 Sticky Flame             Conj/Fire      ######..     7%          4    ###....
 Inner Flame              Hex/Fire       ####....     8%          3    None
 Slow                     Hex            #.......     11%         2    None
 Portal Projectile        Hex/Tloc       ##....       17%         3    None
 Iskenderun's Mystic Bla  Conj/Tloc      ####....     17%         4    ###....
 Fulminant Prism          Conj/Hex       ###.......   21%         4    ###....
 Passage of Golubria      Tloc           N/A          43%         4    ###....
 Cause Fear               Hex            #.........   56%         4    ###....
 Lee's Rapid Deconstruct  Erth           ######....   1%          5    #####..
 Agony                    Necr           ######..     4%          5    #####..
 Excruciating Wounds      Chrm/Necr      ####......   30%         5    #####..
 Simulacrum               Ice/Necr       ####......   86%         6    ######.
 Darkness                 Hex            #.........   100%        6    ######.
 Invisibility             Hex            #.......     100%        6    ######.
 Swiftness                Chrm/Air       Unusable     N/A         2    N/A
 Blink                    Tloc           Unusable     N/A         2    N/A

Dungeon Overview and Level Annotations

Branches:
Dungeon (12/15)            Temple (1/1) D:4            Lair (0/6) D:10
    Orc (0/2) D:12

Altars:
Ashenzari
Cheibriados
Dithmenos
Elyvilon
Fedhas
Gozag
Hepliaklqana
Kikubaaqudgha
Makhleb
Nemelex Xobeh
Okawaru
Qazlal
Ru
Sif Muna
Trog
Uskayaw
Vehumet
Wu Jian
Xom
Yredelemnul
Zin
The Shining One
Beogh

Shops:
D:7 }   D:8 !

Annotations:
D:5 exclusion: angel


Innate Abilities, Weirdness & Mutations

You cannot be hasted, slowed, berserked, paralysed or teleported.
You can dig through walls and to a lower floor.
Your four strong arms can wield two-handed weapons with a shield.
You have a pair of large antennae on your head. (SInv)


Message History

Unknown command.
Casting: Borgnjor's Vile Clutch (dangerous; 3% risk of failure)
Confirm with . or Enter, or press ? or * to list all spells.
Aiming: Vampiric Draining (safe; 1% risk of failure)
Press: ? - help, Shift-Dir - straight line, f/p - six-headed hydra
Aim: a six-headed hydra (almost dead)
The six-headed hydra is almost dead.
You feel life coursing into your body. The six-headed hydra bites you.
The six-headed hydra bites you but does no damage.
You block the six-headed hydra's attack. x2
The six-headed hydra bites you but does no damage.
The six-headed hydra bites you! The six-headed hydra bites you!
The six-headed hydra barely misses you.
The six-headed hydra bites you but does no damage.
You block the six-headed hydra's attack.
The six-headed hydra bites you! x2
You die...
Kikubaaqudgha rasps: "You have failed me!
Welcome... death!"

....######
#.......###
#........[####
##..##.......##
.....#...<.##.#
...#....{..#)##
..##.....##.#####
..###.......##..##
....##....>..###@##
............)§[§D.#
..........#########
...........##
............#
...###......#
...##.......#
..........###
..........#


You could see a six-headed hydra.

Vanquished Creatures
  2 hydras
  Harold (D:9)
  A centaur warrior (D:9)
  A two-headed ogre (D:10)
  The ghost of OneTabMan the Protected, a novice DDFi (D:9)
  An orc knight (D:12)
  A deep elf mage (D:9)
  2 ugly things
  3 trolls
  A merfolk (D:9)
  A meliai zombie (D:12)
  2 hippogriffs
  A vampire (D:12)
  A wyvern (D:11)
  3 shadows
  Eustachio (D:4)
  7 yaks
  A basilisk (D:10)
  A vampire mosquito (D:9)
  A hungry ghost (D:7)
  A steam dragon (D:11)
  Menkaure (D:4)
  Edmund (D:5)
  3 porcupines (D:10)
  Duvessa (D:5)
  4 orc warriors
  2 eyes of draining
  9 ogres
  3 phantoms
  5 black bears
  4 ice beasts
  2 sky beasts
  3 wolves (D:10)
  5 centaurs
  3 crocodiles
  3 big kobolds
  8 bullfrogs
  A wyvern zombie (D:7)
  Dowan (D:5)
  A wyvern skeleton (D:12)
  2 scorpions
  9 wights
  12 killer bees
  A howler monkey (D:4)
  8 crimson imps
  2 bullfrog zombies
  A jelly (D:6)
  4 orc priests
  5 hounds
  Crazy Yiuf (D:7)
  3 bullfrog skeletons
  18 orc wizards
  9 iguanas
  11 worker ants
  A hound zombie (D:11)
  3 hound skeletons
  Robin (D:4)
  3 gnolls (D:5)
  2 howler monkey skeletons
  8 adders
  4 shadow imps
  2 oozes
  3 adder skeletons
  3 dart slugs
  5 leopard geckos
  39 orcs
  6 giant cockroaches
  8 hobgoblins
  13 jackals
  5 quokkas
  6 bats
  4 frilled lizards
  10 goblins
  A jackal zombie (D:7)
  26 kobolds
  A leopard gecko skeleton (D:4)
  8 rats
342 creatures vanquished.

Vanquished Creatures (others)
  A yak (D:7)
  A centaur (D:7)
  2 orcs (D:7)
  A fungus (D:10)
  A plant (D:10)
6 creatures vanquished.

Grand Total: 348 creatures vanquished

Notes
Turn   | Place    | Note
-------+----------+-------------------------------------------
     0 | D:1      | DildoBatman the Formicid Wizard began the quest for the
                  | Orb.
     0 | D:1      | Reached XP level 1. HP: 13/13 MP: 4/4
    97 | D:1      | Reached skill level 1 in Conjurations
   332 | D:1      | Reached XP level 2. HP: 16/19 MP: 3/6
   930 | D:1      | Reached XP level 3. HP: 20/24 MP: 5/7
  1282 | D:2      | Found an opulent altar of Gozag.
  1457 | D:2      | Found a glowing golden altar of the Shining One.
  1488 | D:2      | Reached XP level 4. HP: 30/30 MP: 4/8
  1493 | D:2      | Found a basalt altar of Yredelemnul.
  1500 | D:2      | Learned a level 3 spell: Conjure Flame
  1504 | D:2      | Learned a level 3 spell: Mephitic Cloud
  1506 | D:2      | Found a snail-covered altar of Cheibriados.
  1527 | D:2      | Found an ornate altar of the Wu Jian Council.
  1527 | D:2      | Found a sparkling altar of Nemelex Xobeh.
  2123 | D:3      | Reached XP level 5. HP: 32/35 MP: 4/9
  2747 | D:4      | Noticed an ogre
  2777 | D:4      | Found a staircase to the Ecumenical Temple.
  2783 | Temple   | Entered the Ecumenical Temple
  2983 | Temple   | Became a worshipper of Kikubaaqudgha
  3161 | D:4      | Reached skill level 1 in Poison Magic
  3161 | D:4      | Reached XP level 6. HP: 26/41 MP: 4/10
  3163 | D:4      | Reached skill level 1 in Fire Magic
  3209 | D:4      | Reached skill level 1 in Air Magic
  3392 | D:4      | Reached skill level 5 in Conjurations
  3392 | D:4      | Reached XP level 7. HP: 36/46 MP: 3/11
  3428 | D:4      | Noticed Robin
  3467 | D:4      | Killed Robin
  3509 | D:4      | Noticed Menkaure
  3557 | D:4      | Noticed Eustachio
  3571 | D:4      | You fall into a shaft and drop 1 floor!
  3571 | D:5      | Entered Level 5 of the Dungeon
  3956 | D:5      | Found a glowing silver altar of Zin.
  3957 | D:5      | Noticed an angel
  4020 | D:5      | Reached * piety under Kikubaaqudgha
  4020 | D:5      | Identified Kikubaaqudgha's Guide on Evil (Kikubaaqudgha
                  | gifted it to you on level 5 of the Dungeon)
  4020 | D:5      | Received a gift from Kikubaaqudgha
  4151 | D:5      | Noticed Duvessa
  4157 | D:5      | Noticed Edmund
  4161 | D:5      | Noticed Dowan
  4170 | D:5      | Killed Duvessa
  4170 | D:5      | Reached XP level 8. HP: 44/52 MP: 0/12
  4182 | D:5      | Killed Dowan
  4519 | D:4      | You fall into a shaft and drop 2 floors!
  4824 | D:6      | Reached skill level 1 in Fighting
  4824 | D:6      | Reached skill level 1 in Armour
  5250 | D:6      | Reached XP level 9. HP: 62/62 MP: 9/13
  5269 | D:6      | Found a shadowy altar of Dithmenos.
  5526 | D:5      | Killed Edmund
  5912 | D:4      | Killed Menkaure
  6232 | D:4      | Killed Eustachio
  6232 | D:4      | Reached skill level 5 in Fire Magic
  6874 | D:6      | Reached ** piety under Kikubaaqudgha
  7312 | D:7      | Found a shimmering altar of Xom.
  7360 | D:7      | Reached skill level 5 in Fighting
  7393 | D:7      | Reached skill level 5 in Armour
  7405 | D:7      | Reached XP level 10. HP: 52/74 MP: 8/15
  7570 | D:7      | Reached skill level 5 in Spellcasting
  7654 | D:7      | Learned a level 2 spell: Sublimation of Blood
  7658 | D:7      | Learned a level 3 spell: Vampiric Draining
  7751 | D:7      | Reached skill level 1 in Necromancy
  7780 | D:7      | Found Orhastadu's Gadget Shoppe.
  8217 | D:7      | Found a runed translucent door.
  8218 | D:7      | Noticed Crazy Yiuf
  8219 | D:7      | You fall into a shaft and drop 2 floors!
  8723 | D:8      | Found Hoanos's Distillery.
  8903 | D:8      | Reached *** piety under Kikubaaqudgha
  8903 | D:8      | Identified Kikubaaqudgha's Reference Book on Sinister Rites
                  | (Kikubaaqudgha gifted it to you on level 8 of the Dungeon)
  8903 | D:8      | Received a gift from Kikubaaqudgha
  8910 | D:8      | Learned a level 4 spell: Dispel Undead
  8932 | D:8      | Reached skill level 1 in Polearms
  8947 | D:8      | Learned a level 5 spell: Borgnjor's Vile Clutch
  9167 | D:7      | Killed Crazy Yiuf
  9266 | D:8      | Reached skill level 1 in Earth Magic
  9645 | D:8      | Reached skill level 2 in Earth Magic
 10144 | D:9      | Reached skill level 3 in Earth Magic
 10182 | D:9      | Reached XP level 11. HP: 71/79 MP: 11/21
 10211 | D:9      | Found a runed translucent door.
 10211 | D:9      | Noticed OneTabMan's ghost (novice DDFi)
 10256 | D:9      | Reached skill level 5 in Necromancy
 10256 | D:9      | Reached skill level 4 in Earth Magic
 10489 | D:9      | Found a bloodstained altar of Trog.
 10592 | D:9      | Noticed Harold
 10614 | D:9      | Killed Harold
 10614 | D:9      | Reached skill level 5 in Earth Magic
 10675 | D:9      | Found a shattered altar of Ashenzari.
 10675 | D:9      | Found a radiant altar of Vehumet.
 10676 | D:9      | Found an iron altar of Okawaru.
 11005 | D:9      | Killed OneTabMan's ghost
 11005 | D:9      | Reached skill level 6 in Earth Magic
 11275 | D:9      | Noticed a deep elf mage
 11331 | D:9      | Killed a deep elf mage
 11381 | D:9      | Identified the +4 falchion of the Brain {pain, rPois Dex+2}
 11381 | D:9      | Noticed a centaur warrior
 11636 | D:9      | Killed a centaur warrior
 11636 | D:9      | Reached skill level 7 in Earth Magic
 11697 | D:9      | Identified the Collected Works on Igneous Feathers
 11758 | D:10     | Entered Level 10 of the Dungeon
 11833 | D:10     | Reached **** piety under Kikubaaqudgha
 11860 | D:10     | Reached skill level 8 in Earth Magic
 12093 | D:10     | Found a staircase to the Lair.
 12344 | D:10     | You fall into a shaft and drop 1 floor!
 12420 | D:10     | Noticed a two-headed ogre
 12431 | D:10     | Killed a two-headed ogre
 12431 | D:10     | Reached XP level 12. HP: 63/86 MP: 8/22
 12602 | D:10     | Reached skill level 9 in Earth Magic
 12663 | D:10     | You fall into a shaft and drop 1 floor!
 12907 | D:11     | Noticed a six-headed hydra
 13377 | D:11     | Killed a six-headed hydra
 13377 | D:11     | Reached skill level 10 in Earth Magic
 13631 | D:12     | Reached skill level 11 in Earth Magic
 13665 | D:12     | Noticed a seven-headed hydra
 13679 | D:12     | Killed a seven-headed hydra
 14070 | D:12     | Found a roughly hewn altar of Beogh.
 14070 | D:12     | Found a staircase to the Orcish Mines.
 14080 | D:12     | Noticed a five-headed hydra
 14302 | D:12     | Slain by a six-headed hydra

Illustrated notes

Levels and vault maps discovered:
D:1:      dpeg_arrival_water_temple_mockup, layout_loops_ring,
          serial_bayou_lagoon_b
D:2:      layout_loops_cross, grunt_temple_overflow_open,
          lemuel_coloured_pillars_altar, lemuel_crystal_altar,
          grunt_gozag_statues
D:3:      layout_loops_ring
D:4:      layout_loops_corners, minmay_temple_entry_enclosed_plants, uniq_robin,
          uniq_eustachio, uniq_menkaure
D:5:      layout_layer_cave, zin_angel, first_ration, uniq_duvessa, uniq_edmund
D:6:      kennysheep_windowed_halls, layout_basic, grunt_dithmenos_smoke
D:7:      layout_cave_pools, xom_confusion_cloud, serial_shops, shop,
          minmay_checkerbox, uniq_crazy_yiuf_cottage
D:8:      layout_layer_cave, serial_shops, nicolae_shop_stone, minivault_25
D:9:      layout_basic, lightli_temple_of_fire, gammafunk_temple_overflow_claw,
          ebering_ghost_reflecting_pool, hangedman_fish_farm, minmay_evil_grid,
          uniq_harold
D:10:     minmay_spotlight, layout_loops_ring, minmay_lair_entry_grove
D:11:     layout_roguey
D:12:     minmay_gate_of_8, layout_cave_pools, david_orc_5
Temple:   jpeg_temple_alley_garden

Skill      XL: |  1  2  3  4  5  6  7  8  9 10 11 12 |
---------------+-------------------------------------+-----
Conjurations   | 1 2 3 4 5 6 |  6.0
Poison Magic   | 1 2 4 |  4.0
Fire Magic     | 1 2 4 5 |  5.0
Air Magic      | 1 2 3 4 |  4.0
Fighting       | 2 5 |  5.7
Armour         | 2 5 |  5.7
Shields        | 3 4 |  4.2
Dodging        | 2 3 |  3.8
Spellcasting   | 7 |  7.4
Necromancy     | 4 8 9 |  9.0
Polearms       | 2 |  2.0
Earth Magic    | 3 8 11 | 11.0
Stealth        | |  2.4
Summonings     | |  1.0
Translocations | |  0.8

Action                   |  1- 3 |  4- 6 |  7- 9 | 10-12 || total
-------------------------+-------+-------+-------+-------++-------
Melee: Dagger            |     9 |   104 |   284 |    74 ||   471
       Halberd           |       |       |       |   304 ||   304
       Flail             |       |       |       |    20 ||    20
       Falchion          |       |       |       |    22 ||    22
 Fire: Hunting sling     |    49 |    49 |   202 |    66 ||   366
Throw: Throwing net      |       |       |     1 |       ||     1
 Cast: Magic Dart        |    59 |    20 |    43 |    67 ||   189
       Mephitic Cloud    |       |     6 |    24 |    57 ||    87
       Conjure Flame     |       |     1 |    49 |    82 ||   132
       Vampiric Draining |       |       |       |     5 ||     5
       Sublimation of Bl |       |       |       |     6 ||     6
       Borgnjor's Vile C |       |       |       |    17 ||    17
       Dispel Undead     |       |       |       |     7 ||     7
 Abil: Dig               |     2 |     7 |    29 |    25 ||    63
       Shaft Self        |       |       |     2 |       ||     2
  Use: Scroll            |       |     2 |     8 |     5 ||    15
       Potion            |       |       |     4 |       ||     4
 Stab: Confused          |       |     1 |     6 |    12 ||    19
       Sleeping          |       |       |     1 |     1 ||     2
  Eat: Chunk             |     2 |     4 |    19 |    29 ||    54
       Ration            |       |     1 |     1 |       ||     2
Armor: Robe              |     7 |    24 |    34 |    66 ||   131
       Leather armour    |       |       |    31 |    38 ||    69
Dodge: Dodged            |    40 |    60 |   167 |   183 ||   450
Block: Buckler           |       |       |     7 |    66 ||    73
       Rpst.: Falchion   |       |       |       |     3 ||     3
